 Dungeon Sprint DCSS version 0.17-a0-1778-gd369669 (webtiles) character file.

5516 KambridgeKobold the Grappler (level 10, -6/119 HPs)
             Began as a Troll Monk on Sept 8, 2015.
             Was a Believer of Ru.
             Killed by divine providence
             ... invoked by a daeva
              (16 damage)
             ... in the Dungeon (Sprint I: "Red Sonja").
             The game lasted 00:05:52 (1222 turns).

KambridgeKobold the Grappler (Troll Monk)           Turns: 1222, Time: 00:05:52

Health: -6/119     AC:  8    Str: 24    XL:     10   Next: 43%
Magic:  9/9        EV: 15    Int:  6    God:    Ru [**....]
Gold:   553        SH:  0    Dex: 12    Spells: 0 memorised, 9 levels left

rFire  . . .     SeeInvis .       - Unarmed
rCold  . . .     Clarity  .     c - +2 robe {rN+}
rNeg   + . .     SustAt   .     (no shield)
rPois  .         Gourm    +     (helmet restricted)
rElec  .         Spirit   .     e - +0 cloak
rCorr  .         Warding  .     (gloves unavailable)
rMut   .         NoTele   +     (boots unavailable)
MR     .....                    (no amulet)
Stlth  +.........               (no ring)
                                (no ring)

@: no scrolls, glowing, not resistant to hostile enchantments, very unstealthy
A: unfitting armour, claws 3, fast metabolism 3, gourmand, regeneration 2,
shaggy fur 1, tough skin 2, inability to read while threatened, hated by all
a: Renounce Religion


You were in the Dungeon.
You worshipped Ru.
Ru was pleased with you.
You were very full.

You visited 1 branch You collected 553 gold pieces.

Inventory:

Hand weapons
 i - a +0 giant spiked club
Armour
 a - a +0 robe
 c - a +2 robe of positive energy (worn)
 e - a +0 cloak (worn)
Scrolls
 d - a scroll of identify {unknown}
 h - a scroll of blinking
 j - a scroll of recharging {unknown}
Potions
 f - 2 potions of magic
Comestibles
 b - 2 bread rations
 g - 3 chunks of flesh


   Skills:
 + Level 13.1 Fighting
 + Level 11.5 Dodging
 - Level 2.2 Stealth
 * Level 14.2 Unarmed Combat


You had 9 spell levels left.
You didn't know any spells.

Dungeon Overview and Level Annotations

Branches:
Dungeon (1/1)

Altars:
Cheibriados
Dithmenos
Elyvilon
Fedhas
Gozag
Kikubaaqudgha
Makhleb
Nemelex Xobeh
Okawaru
Qazlal
Ru
Sif Muna
Trog
Vehumet
Xom
Yredelemnul
Zin
The Shining One
Jiyva

Shops:
D *


Innate Abilities, Weirdness & Mutations

You are too large for most types of armour.
You have claws for hands.
Your metabolism is lightning-fast.
You like to eat raw meat.
You heal very quickly.
You are covered in fur (AC +1).
You have very tough skin (AC +2).
You cannot read scrolls while threatened.
You are hated by all.


Message History

* * * LOW HITPOINT WARNING * * *
You focus your will and illuminate the unseen horror in retribution!
Drink which item? (? for menu, Esc to quit)
Okay, then.
Read which item? (? for menu, Esc to quit)
Okay, then.
You mangle the unseen horror!!
The unseen horror is severely wounded.
The unseen horror barely misses you. The unseen horror misses you.
The unseen horror hits you but does no damage.
You mangle the unseen horror!!
You kill the unseen horror!
Your Unarmed Combat skill increases to level 14!
The daeva stops glowing.
The unseen horror is stunned by your will and fails to attack.
You redirect the unseen horror's attack!
The unseen horror barely misses itself.
The daeva calls down the wrath of the Shining One upon you.
Something smites you!
You die...

####################
')..#..#§..÷§§.§§§.+
#)..##'#§####§§...##
#..§§§.#§# ##§§§##
## #####..§§# ###'#
($## ##+####
#§##$$$# #.)...#
#@x###$# #..§§§+
##.#A#$# ###..§#
#..###$# §§.#
#.##..$# §.## #..
+### ..# ##.. #+#
##. .# #


You could see a daeva and an unseen horror (invisible).

Vanquished Creatures
  A lindwurm (D)
  2 unseen horrors (D)
  2 kobold demonologists (D)
  A gargoyle (D)
  4 demonic crawlers (D)
  A slime creature (D)
  Sigmund (D)
  A yak (D)
  13 hogs (D)
  An ogre (D)
  A jelly (D)
  Ijyb (D)
  A giant eyeball (D)
30 creatures vanquished.

Vanquished Creatures (others)
  A gargoyle (D)
1 creature vanquished.

Grand Total: 31 creatures vanquished

Notes
Turn   | Place    | Note
--------------------------------------------------------------
     0 | D        | KambridgeKobold the Troll Monk began the quest for the Orb.
     0 | D        | Reached XP level 1. HP: 22/22 MP: 0/0
     2 | D        | Noticed Ijyb
    15 | D        | Killed Ijyb
    15 | D        | Reached skill level 5 in Unarmed Combat
    15 | D        | Reached XP level 2. HP: 24/31 MP: 1/1
    29 | D        | Noticed an ogre
    35 | D        | Killed an ogre
    35 | D        | Reached skill level 6 in Unarmed Combat
    35 | D        | Reached XP level 3. HP: 7/40 MP: 2/2
    35 | D        | Reached XP level 4. HP: 8/49 MP: 3/3
   108 | D        | Noticed Sigmund
   118 | D        | Killed Sigmund
   118 | D        | Reached skill level 5 in Dodging
   118 | D        | Reached skill level 7 in Unarmed Combat
   118 | D        | Reached XP level 5. HP: 17/61 MP: 4/4
   200 | D        | Found a deep blue altar of Sif Muna.
   201 | D        | Noticed a jelly
   202 | D        | Found a radiant altar of Vehumet.
   205 | D        | Killed a jelly
   205 | D        | Reached XP level 6. HP: 67/71 MP: 5/5
   223 | D        | Found Deim's General Store.
   223 | D        | Found a white marble altar of Elyvilon.
   223 | D        | Found a stormy altar of Qazlal.
   223 | D        | Found a burning altar of Makhleb.
   223 | D        | Found a sacrificial altar of Ru.
   223 | D        | Found a basalt altar of Yredelemnul.
   223 | D        | Found a glowing golden altar of the Shining One.
   223 | D        | Found a sparkling altar of Nemelex Xobeh.
   223 | D        | Found a shimmering altar of Xom.
   223 | D        | Found an opulent altar of Gozag.
   223 | D        | Found an ancient bone altar of Kikubaaqudgha.
   223 | D        | Found a glowing silver altar of Zin.
   223 | D        | Noticed a yak
   224 | D        | Found an iron altar of Okawaru.
   228 | D        | Killed a yak
   228 | D        | Reached skill level 8 in Fighting
   229 | D        | Found a bloodstained altar of Trog.
   255 | D        | Became a worshipper of Ru the Awakened
   278 | D        | Gained mutation: You cannot read scrolls while threatened. [Ru sacrifice]
   278 | D        | Acquired Ru's first power
   279 | D        | Found a snail-covered altar of Cheibriados.
   279 | D        | Found a viscous altar of Jiyva.
   279 | D        | Found a shadowy altar of Dithmenos.
   279 | D        | Found a blossoming altar of Fedhas.
   279 | D        | Noticed a slime creature
   287 | D        | Killed a slime creature
   287 | D        | Reached skill level 9 in Fighting
   287 | D        | Reached XP level 7. HP: 21/83 MP: 6/6
   395 | D        | Noticed a kobold demonologist
   395 | D        | Paralysed by a giant eyeball for 4 turns
   396 | D        | Noticed a smoke demon
   396 | D        | Noticed a kobold demonologist
   403 | D        | Killed a smoke demon
   412 | D        | Noticed an orange demon
   416 | D        | Noticed a sixfirhy
   418 | D        | Killed a kobold demonologist
   418 | D        | Reached skill level 10 in Fighting
   438 | D        | Noticed a soul eater
   441 | D        | Noticed a rust devil
   441 | D        | Killed a kobold demonologist
   441 | D        | Reached skill level 10 in Unarmed Combat
   441 | D        | Reached XP level 8. HP: 42/94 MP: 7/7
   520 | D        | Noticed a demonic crawler
   520 | D        | Noticed a demonic crawler
   520 | D        | Noticed a demonic crawler
   520 | D        | Noticed a demonic crawler
   530 | D        | Killed a demonic crawler
   539 | D        | HP: 1/96 [demonic crawler (10)]
   540 | D        | Killed a demonic crawler
   540 | D        | Reached skill level 11 in Fighting
   709 | D        | Killed a demonic crawler
   812 | D        | Killed a demonic crawler
   812 | D        | Reached XP level 9. HP: 84/105 MP: 8/8
   866 | D        | Noticed a lindwurm
   874 | D        | Killed a lindwurm
   874 | D        | Reached skill level 10 in Dodging
   874 | D        | Reached skill level 12 in Unarmed Combat
   876 | D        | Noticed a hog
   876 | D        | Noticed a hog
   876 | D        | Noticed a hog
   876 | D        | Noticed a hog
   876 | D        | Noticed a hog
   876 | D        | Noticed a hog
   879 | D        | Noticed a hog
   879 | D        | Noticed a hog
   879 | D        | Noticed a hog
   879 | D        | Noticed a hog
   885 | D        | Killed a hog
   895 | D        | Killed a hog
   903 | D        | Killed a hog
   906 | D        | Killed a hog
   911 | D        | Killed a hog
   913 | D        | Gained mutation: You are hated by all. [Ru sacrifice]
   913 | D        | Acquired Ru's second power
  1014 | D        | Noticed a hog
  1014 | D        | Noticed a hog
  1019 | D        | Killed a hog
  1022 | D        | Killed a hog
  1025 | D        | Noticed a hog
  1032 | D        | Killed a gargoyle
  1043 | D        | Killed a hog
  1045 | D        | Killed a hog
  1071 | D        | Killed a hog
  1071 | D        | Reached skill level 13 in Unarmed Combat
  1071 | D        | Reached XP level 10. HP: 100/118 MP: 9/9
  1072 | D        | Killed a hog
  1073 | D        | Killed a hog
  1076 | D        | Killed a hog
  1117 | D        | Noticed a gargoyle
  1133 | D        | Killed a gargoyle
  1208 | D        | Noticed a daeva
  1212 | D        | Noticed an unseen horror
  1214 | D        | Noticed an unseen horror
  1216 | D        | Noticed an unseen horror
  1220 | D        | Killed an unseen horror
  1222 | D        | Killed an unseen horror
  1222 | D        | Reached skill level 14 in Unarmed Combat
  1222 | D        | Killed from afar by a daeva

Vault maps used:
D:        dungeon_sprint_1

Action                   |  1- 3 |  4- 6 |  7- 9 | 10-12 || total
-------------------------+-------+-------+-------+-------++-------
Melee: Unarmed           |    16 |    22 |   108 |    28 ||   174
Invok: Sacrifice Words   |       |     1 |       |       ||     1
       Sacrifice Love    |       |       |     1 |       ||     1
  Use: Potion            |       |       |     4 |       ||     4
 Stab: Distracted        |       |       |     2 |       ||     2
       Invisible         |       |       |     1 |       ||     1
  Eat: Chunk             |       |     6 |     4 |     7 ||    17
